 Dungeon Crawl Stone Soup version 0.17.0-28-g6e173f8 (webtiles) character file.

787 ketsa the Chopper (level 7, 0/61 HPs)
             Began as a Deep Dwarf Fighter on Nov 29, 2015.
             Was a Believer of Makhleb.
             Slain by an ice beast (6 damage)
             ... on level 5 of the Dungeon.
             The game lasted 00:14:03 (4006 turns).

ketsa the Chopper (Deep Dwarf Fighter)              Turns: 4006, Time: 00:14:04

Health: 0/61       AC: 11    Str: 22    XL:     7   Next: 56%
Magic:  8/8        EV:  7    Int:  8    God:    Makhleb [**....]
Gold:   365        SH: 10    Dex: 12    Spells: 0 memorised, 6 levels left

rFire  . . .     SeeInvis .     A - +1 war axe
rCold  . . .     Clarity  .     b - +0 scale mail
rNeg   . . .     SustAt   .     c - +0 shield
rPois  .         Gourm    .     (no helmet)
rElec  .         Spirit   .     E - +0 cloak
rCorr  .         Warding  .     p - +1 pair of gloves
rMut   .         Stasis   .     (no boots)
MR     +....                    (no amulet)
Stlth  ..........               (no ring)
                                (no ring)

@: non-regenerating, somewhat resistant to hostile enchantments, extremely
unstealthy
A: damage resistance, recharge devices, sense surroundings 1, slow regeneration
3
a: Device Recharging, Minor Destruction, Renounce Religion


You were on level 5 of the Dungeon.
You worshipped Makhleb.
Makhleb was pleased with you.
You were hungry.

You visited 1 branch of the dungeon, and saw 6 of its levels.

You collected 365 gold pieces.

Inventory:

Hand Weapons
 a - a +0 war axe
 A - a +1 war axe (weapon)
Armour
 b - a +0 scale mail (worn)
 c - a +0 shield (worn)
 o - a cursed +0 ring mail
 p - a +1 pair of gloves (worn)
 v - a +2 large shield
 z - a +0 chain mail
 B - a +0 scale mail
 E - a +0 cloak (worn)
Wands
 e - a wand of heal wounds (1)
 g - a wand of teleportation (0)
 i - a wand of draining (10)
Scrolls
 j - a scroll of enchant weapon
 t - 7 scrolls of identify
 x - a scroll of magic mapping
Potions
 d - 2 potions of might
 h - a potion of invisibility
 m - a potion of agility
 n - 5 potions of curing
 r - a potion of brilliance {unknown}
 u - a potion of poison {unknown}
 C - a potion of mutation {unknown}
 F - a potion of heal wounds
Comestibles
 f - 6 bread rations
 k - 2 beef jerkies
 q - 5 meat rations


   Skills:
 - Level 2.6 Fighting
 * Level 6.2 Axes
 + Level 5.5 Armour
 + Level 5.2 Shields
 + Level 3.0 Invocations
 + Level 2.7 Evocations


You had 6 spell levels left.
You didn't know any spells.

Dungeon Overview and Level Annotations

Branches:
Dungeon (6/15)
 Temple: D:4-7

Altars:
Ashenzari
Cheibriados
Makhleb
Qazlal
Trog
The Shining One

Shops:
D:6 %

Annotations:
D:5 Blork the orc


Innate Abilities, Weirdness & Mutations

You are resistant to damage.
You can recharge devices by infusing magical energy.
You passively map a small area around you.
You do not regenerate naturally.


Message History

The worker ant is almost dead.
The worker ant bites you.
* * * LOW HITPOINT WARNING * * *
The ice beast barely misses you.
You barely miss the ice beast.
The ice beast is moderately wounded.
You hit the worker ant.
You kill the worker ant!
Makhleb accepts your kill. You block the ice beast's attack.
You completely miss the ice beast.
The ice beast is moderately wounded.
The ice beast closely misses you.
You closely miss the ice beast.
The ice beast is moderately wounded.
The ice beast hits you but does no damage.
The ice beast hits you.
* * * LOW HITPOINT WARNING * * *
The ice beast freezes you!
You die...

#.......####.#.........##........
#............#.).......#.........
#.......######.........#.........
#...^...# #.........#.........
#...<...# #.........#.........
#....<..# #.........#.........
........# #.........##........
....##### #.........##.......#
.#### #..@...........##### .#
#...Y......##....## .#######
##......[..#...o..# .......##
#####.....#####.....#
.##.##..####...##..#.# ###.....
###...#....#...#..##.#* ...5. #
###....#.......###..# ##..% #
####........#####.#* * ..( #
#####...........* ,8 ..


You could see an ice beast.

Vanquished Creatures
  Eustachio (D:5)
  A scorpion (D:4)
  A crimson imp (D:5)
  A centaur zombie (D:6)
  A hound (D:2)
  Crazy Yiuf (D:4)
  3 worker ants
  2 orc priests (D:4)
  3 orc wizards
  Natasha (thrice) (D:4)
  A hound skeleton (D:4)
  5 adders
  2 worms (D:2)
  2 adder skeletons (D:5)
  5 giant geckos
  8 orcs
  9 goblins
  13 hobgoblins
  6 jackals
  5 kobolds
  3 quokkas
  8 bats
  7 giant cockroaches
  A giant gecko skeleton (D:4)
  3 giant newts
  10 rats
105 creatures vanquished.

Vanquished Creatures (collateral kills)
  An orc warrior (D:6)
  An orc wizard (D:6)
  An orc (D:6)
3 creatures vanquished.

Grand Total: 108 creatures vanquished

Notes
Turn   | Place    | Note
--------------------------------------------------------------
     0 | D:1      | ketsa the Deep Dwarf Fighter began the quest for the Orb.
     0 | D:1      | Reached XP level 1. HP: 20/20 MP: 1/1
   155 | D:1      | Reached XP level 2. HP: 14/27 MP: 2/2
   759 | D:2      | Found a glowing golden altar of the Shining One.
   812 | D:2      | Reached XP level 3. HP: 13/33 MP: 3/3
   864 | D:2      | Reached XP level 4. HP: 26/40 MP: 4/4
   888 | D:2      | Reached skill level 4 in Shields
  1100 | D:2      | Found a burning altar of Makhleb.
  1106 | D:2      | Became a worshipper of Makhleb the Destroyer
  1554 | D:2      | Reached * piety under Makhleb
  1573 | D:2      | Found a faded altar to an unknown god.
  2192 | D:3      | Reached XP level 5. HP: 5/46 MP: 5/5
  2411 | D:4      | Noticed Natasha
  2424 | D:4      | Killed Natasha
  2424 | D:4      | Reached ** piety under Makhleb
  2424 | D:4      | Reached skill level 5 in Axes
  2474 | D:4      | Reached XP level 6. HP: 27/55 MP: 6/6
  2536 | D:4      | Noticed Natasha
  2635 | D:4      | Killed Natasha
  2635 | D:4      | Reached skill level 1 in Invocations
  2708 | D:4      | Reached skill level 1 in Evocations
  3074 | D:4      | Noticed Natasha
  3082 | D:4      | Killed Natasha
  3170 | D:5      | Entered Level 5 of the Dungeon
  3202 | D:5      | Reached skill level 5 in Armour
  3297 | D:5      | Found a bloodstained altar of Trog.
  3297 | D:5      | Found a shattered altar of Ashenzari.
  3404 | D:5      | Noticed Eustachio
  3431 | D:5      | Killed Eustachio
  3431 | D:5      | Reached skill level 5 in Shields
  3431 | D:5      | Reached XP level 7. HP: 18/61 MP: 8/8
  3565 | D:5      | Found a stormy altar of Qazlal.
  3579 | D:5      | Found a snail-covered altar of Cheibriados.
  3637 | D:5      | Noticed Crazy Yiuf
  3694 | D:5      | Noticed Blork the orc
  3734 | D:4      | Killed Crazy Yiuf
  3807 | D:6      | Reached skill level 6 in Axes
  3825 | D:6      | Found Naofim's Food Boutique.
  4006 | D:5      | Slain by an ice beast

Action                   |  1- 3 |  4- 6 |  7- 9 || total
-------------------------+-------+-------+-------++-------
Melee: War axe           |    93 |   253 |    55 ||   401
 Abil: Device Recharging |       |       |     1 ||     1
Evoke: Wand              |     1 |     3 |     3 ||     7
  Use: Potion            |       |     2 |     1 ||     3
       Scroll            |       |       |    11 ||    11
  Eat: Chunk             |       |     9 |     1 ||    10
